 Dungeon Crawl Stone Soup version 0.30.1-9-gdf580d7c3d (webtiles) character file.

Game seed: 11835666985939832906

67869 H0rd4k the Fighter (level 15, 0/124 HPs)
             Began as a Human Artificer on Oct 9, 2023.
             Was an Initiate of Gozag.
             Slain by a bog body (16 damage)
             ... on level 1 of the Swamp on Oct 10, 2023.
             The game lasted 01:16:22 (31794 turns).

H0rd4k the Fighter (Human Artificer)               Turns: 31794, Time: 01:16:23

Health: 0/124      AC: 16    Str: 25    XL:     15   Next: 67%
Magic:  0/37       EV: 19    Int: 25    God:    Gozag
Gold:   1584       SH:  0    Dex: 16    Spells: 32/32 levels left

rFire   + + .        Q - +6 mace "Killer Klown's Peril" {flame, rF+ rCorr Int+6}
rCold   . . .        (no shield)
rNeg    . . .        b - +3 leather armour {rF+}
rPois   +            w - +2 helmet
rElec   .            G - +2 cloak
rCorr   +            (no gloves)
SInv    .            F - +2 pair of boots {Fly}
Will    ++...        f - amulet of guardian spirit
Stlth   ++           V - ring "Irphipobb" {*Corrode rPois MP+9 Str+6 Slay+3}
HPRegen 0.40/turn    i - ring "Paffeogy" {Will+ Str+6 Dex+3}
MPRegen 0.25/turn

%: corrode self (3%), guardian spirit
@: flying, studying 2 skills
A: poison resistance
a: Renounce Religion, Potion Petition, Call Merchant, Bribe Branch


You were on level 1 of the Swamp.
You worshipped Gozag.
Gozag was most pleased with you.
You visited 5 branches of the dungeon, and saw 20 of its levels.
You also visited: Bailey and Volcano.

You collected 7700 gold pieces.
You spent 3790 gold pieces at shops.
You paid 2326 gold pieces to Gozag.

Inventory:

Hand Weapons
 p - a +6 whip of draining
 H - the +5 mace of Evil {freeze, *Noise rElec rCorr MP+9}
   (You found it on level 6 of the Dungeon)

   rElec:     It insulates you from electricity.
   MP:        It affects your magic capacity (+9).
   *Noise:    It may make noises in combat.
   rCorr:     It protects you from acid and corrosion.
 N - the +6 arbalest "Damnation" {damnation}
   (You bought it in a shop on level 9 of the Dungeon)
 Q - the +6 mace "Killer Klown's Peril" (weapon) {flame, rF+ rCorr Int+6}
   (You bought it in a shop on level 9 of the Dungeon)

   Int:       It affects your intelligence (+6).
   rF:        It protects you from fire.
   rCorr:     It protects you from acid and corrosion.
Missiles
 l - 22 poisoned darts (quivered)
 z - a throwing net
 A - 6 curare-tipped darts
Armour
 b - a +3 leather armour of fire resistance (worn)
 r - the +2 pair of boots of Pan-Flutes {*Corrode *Slow rPois Int+8}
   (You bought it in a shop on level 2 of the Orcish Mines)

   Int:       It affects your intelligence (+8).
   rPois:     It protects you from poison.
   *Corrode:  It may corrode you when you take damage.
   *Slow:     It may slow you when you take damage.
 w - a +2 helmet (worn)
 C - a +3 leather armour of willpower
 F - a +2 pair of boots of flying (worn)
 G - a +2 cloak (worn)
 M - a scarf of harm
 O - a +2 scale mail of cold resistance
 T - a +1 cloak of willpower
Magical Staves
 q - a staff of fire
 U - a staff of earth
Jewellery
 f - an amulet of guardian spirit (around neck)
 g - a +6 ring of intelligence
 i - the ring "Paffeogy" (right hand) {Will+ Str+6 Dex+3}
   (You acquired it on level 2 of the Lair of Beasts)

   [ring of strength]

   Str:       It affects your strength (+6).
   Dex:       It affects your dexterity (+3).
   Will:      It increases your willpower.
 s - a +5 ring of evasion
 D - a ring of protection from fire
 P - a ring of ice
 V - the ring "Irphipobb" (left hand) {*Corrode rPois MP+9 Str+6 Slay+3}
   (You acquired it on level 4 of the Dungeon)

   [ring of strength]

   Str:       It affects your strength (+6).
   Slay:      It affects your accuracy & damage with ranged weapons and melee
   (+3).
   rPois:     It protects you from poison.
   MP:        It affects your magic capacity (+9).
   *Corrode:  It may corrode you when you take damage.
Wands
 j - a wand of flame (9)
 k - a wand of mindburst (11)
 t - a wand of acid (2)
 y - a wand of roots (4)
 R - a wand of charming (4)
Scrolls
 c - a scroll of fear
 d - 2 scrolls of poison
 m - 3 scrolls of fog
 o - 9 scrolls of identify
 v - a scroll of butterflies
 J - 2 scrolls of amnesia
 S - a scroll of teleportation
Potions
 e - 5 potions of ambrosia
 h - 6 potions of curing
 n - 3 potions of resistance
 u - 2 potions of invisibility
 x - a potion of brilliance
 E - 6 potions of flight
Miscellaneous
 a - a lightning rod (4/4)
 B - a phial of floods
 I - a phantom mirror
 L - a piece from Xom's chessboard (15/15)


   Skills:
 + Level 13.5 Fighting
 - Level 10.8 Maces & Flails
 * Level 10.3 Ranged Weapons
 + Level 2.9 Throwing
 - Level 4.3 Armour
 + Level 13.1 Dodging
 - Level 2.3 Stealth
 + Level 9.2 Spellcasting
 + Level 6.2 Evocations


You had 32 spell levels left.
You didn't know any spells.
Your spell library contained the following spells:

 Spells                   Type           Power      Damage    Failure   Level
 Ensorcelled Hibernation  Hex/Ice        22%        N/A       9%          2
 Lesser Beckoning         Tloc           22%        N/A       9%          2
 Passwall                 Tmut/Erth      9%         N/A       9%          2
 Sublimation of Blood     Necr           11%        N/A       9%          2
 Dazzling Flash           Conj/Hex       22%        N/A       19%         3
 Frozen Ramparts          Ice            22%        1d4       19%         3
 Gell's Gravitas          Tloc           11%        N/A       19%         3
 Ignite Poison            Fire/Tmut/Pois 11%        N/A       19%         3
 Swiftness                Air            11%        N/A       19%         3
 Teleport Other           Tloc           11%        N/A       19%         3
 Vhi's Electric Charge    Tloc/Air       22%        N/A       19%         3
 Anguish                  Hex/Necr       5%         N/A       52%         4
 Cause Fear               Hex            5%         N/A       52%         4
 Ice Form                 Ice/Tmut       11%        N/A       52%         4
 Petrify                  Tmut/Erth      11%        N/A       52%         4
 Sticky Flame             Conj/Fire      11%        2d3       52%         4
 Summon Ice Beast         Ice/Summ       11%        N/A       52%         4
 Agony                    Necr           11%        N/A       86%         5
 Arcjolt                  Conj/Air       5%         1d15      86%         5
 Irradiate                Conj/Tmut      5%         3d13      86%         5
 Silence                  Hex/Air        5%         N/A       86%         5
 Dispersal                Tloc           5%         N/A       100%        6
 Plasma Beam              Fire/Air       5%         2x1d17    100%        6
 Enfeeble                 Hex            5%         N/A       100%        7
 Ignition                 Fire           5%         3d4       100%        8
 Chain Lightning          Conj/Air       5%         3d7       100%        9
 Fire Storm               Conj/Fire      5%         8d2       100%        9
 Shatter                  Erth           5%         3d8*      100%        9


Dungeon Overview and Level Annotations

Branches:
Dungeon (11/15)            Temple (1/1) D:4            Lair (5/5) D:9
  Swamp (1/4) Lair:2        Snake (0/4) Lair:3        Slime (0/5) Lair:5
    Orc (2/2) D:10            Elf (0/3) Orc:2        Bailey (visited)
Volcano (visited)

Altars:
Ashenzari
Cheibriados
Dithmenos
Elyvilon
Gozag
Hepliaklqana
Kikubaaqudgha
Makhleb
Nemelex Xobeh
Okawaru
Qazlal
Ru
Trog
Uskayaw
Vehumet
Wu Jian
Xom
Yredelemnul
Zin
The Shining One

Shops:
D:8 [   D:9 ((*   Orc:1 (   Orc:2 ([[*!

Annotations:
D:9 exclusion: 2 downstairs
D:11 exclusion: upstairs
Lair:1 exclusion: downstairs
Lair:4 1 runed translucent door, exclusions: door and downstairs, raetorn's ghost, journeyman DjFE
Lair:5 Rupert
Orc:1 exclusion: downstairs


Innate Abilities, Weirdness & Mutations

Your system is resistant to poisons. (rPois)


Message History

You barely miss the tyrant leech.
A bog body comes into view.
You completely miss the tyrant leech. The tyrant leech bites you!
The tyrant leech draws strength from your injuries!
You sock the tyrant leech! You burn the tyrant leech.
The tyrant leech is lightly wounded.
The tyrant leech bites you but does no damage.
You sock the tyrant leech! You burn the tyrant leech.
The tyrant leech is heavily wounded.
The tyrant leech bites you!!
The tyrant leech draws strength from your injuries!
You hit the tyrant leech. You burn the tyrant leech.
The tyrant leech is moderately wounded.
You miss the tyrant leech.
The tyrant leech is moderately wounded.
The tyrant leech barely misses you. The bog body touches you.
The bog body freezes you!
You miss the tyrant leech.
The tyrant leech is moderately wounded.
The tyrant leech misses you.
You hit the tyrant leech. You burn the tyrant leech.
The tyrant leech is moderately wounded.
The bog body points at you and mumbles some strange words.
You resist with almost no effort.
You closely miss the tyrant leech.
You punch the tyrant leech, but do no damage.
The tyrant leech is moderately wounded.
The bog body casts a spell at you. The bolt of cold hits you!!
* * * LOW HITPOINT WARNING * * *
The tyrant leech bites you!!
* * * LOW HITPOINT WARNING * * *
The tyrant leech draws strength from your injuries!
As you read the scroll of fear, it crumbles to dust.
You assume a fearsome visage.
The bog body is unaffected.
The tyrant leech looks frightened!
The bog body touches you!
* * * LOW HITPOINT WARNING * * *
The bog body freezes you!!
You die...
Your body crumbles into a pile of gold.

..♣♣♣.~...#........~~~♣♣
...~♣.~~~~.#.##.##..§....
♣~.~..~~...........♣♣..~~
♣~.~~.~~..~~...♣♣~~~~.~~
♣.~~~~~~~~.~~♣♣♣.~~~~~~
♣~.~~~~~~.~~♣♣ ♣.~~~.~~
♣♣..~~~~......♣♣♣♣♣~♣♣♣.
.♣♣♣§.~~~~~.......♣ ♣♣♣♣~.
~.~...~§$w@♣♣..~~~♣♣♣♣♣♣...
~...~..$~n♣♣♣♣~~~....~♣♣~~~
..~~~.♣♣♣♣♣ ♣♣~.~~~~~§.~~~
~~§§~ ♣♣.~~~§~.~~~~ ~~~~
♣.~~~~..~~~~ ~~w
♣..~~~.~~~~~ ..
..~.....~}~.. ~
~...~~...~~.♣ ~~~...~.....♣


You could see a tyrant leech (fleeing) and a bog body.

Vanquished Creatures
  Nikola (Swamp:1)
  A thorn hunter (Lair:2)
  An orc warlord (Orc:2)
  An eleionoma (Lair:2)
  3 bunyips
  Snorg (Lair:3)
  Josephine (Orc:1)
  2 fire dragons
  6 hydras
  A centaur warrior (Volcano)
  A two-headed ogre (D:11)
  A catoblepas (Lair:5)
  A boulder beetle (D:10)
  An alligator (Swamp:1)
  The ghost of ruby the Geomancer, a novice DEEE of Vehumet (D:9)
  A hell knight (Lair:2)
  An orc high priest (Orc:1)
  2 skysharks
  A goliath frog (Swamp:1)
  A swamp dragon (Lair:5)
  4 bog bodies
  5 orc sorcerers
  2 orc knights (Orc:2)
  3 lindwurms (Lair:5)
  A cyclops (D:10)
  A will-o-the-wisp (Swamp:1)
  2 manticores (Lair:5)
  3 elephants (Lair:3)
  8 black mambas
  A torpor snail (Lair:5)
  11 cane toads
  A gargoyle (D:10)
  3 rime drakes (Lair:5)
  The ghost of tish the Slasher, a novice OpFi of Cheibriados (D:4)
  2 freezing wraiths (D:9)
  A kobold demonologist (D:11)
  4 komodo dragons
  3 yaktaurs (Volcano)
  A bloated husk (Swamp:1)
  2 trolls
  3 polar bears
  A queen bee (Lair:2)
  3 tyrant leeches (Swamp:1)
  12 dream sheep (Lair:5)
  2 shadows
  2 slime creatures
  42 yaks
  A vampire (D:11)
  6 wraiths
  4 wyverns
  6 basilisks
  Eustachio (D:6)
  4 vampire mosquitoes (D:11)
  Grum (D:11)
  4 steam dragons
  Edmund (D:5)
  A swamp worm (Swamp:1)
  4 wargs
  3 nagas (Lair:3)
  37 orc warriors
  6 water moccasins
  An ice beast (D:5)
  A sky beast (D:7)
  5 swamp drakes (Lair:5)
  8 ogres
  17 wolves
  7 centaurs
  8 bullfrogs
  3 scorpions
  10 wights
  36 killer bees
  3 howler monkeys
  A lava snake (D:10)
  5 jellies
  27 orc priests
  5 hounds
  5 iguanas (Lair:5)
  Ijyb (D:5)
  23 orc wizards
  2 hell rats (Lair:3)
  9 adders
  A gnoll (D:1)
  7 river rats (Lair:3)
  A shadow imp (D:3)
  2 ufetubi
  A dart slug (D:2)
  98 orcs
  8 endoplasms
  4 giant cockroaches
  8 goblins
  3 hobgoblins
  A quokka (D:4)
  6 ball pythons
  5 bats
  10 frilled lizards
  14 kobolds
  7 rats
585 creatures vanquished.

Vanquished Creatures (collateral kills)
  Gastronok (Lair:1)
  5 yaks
  2 orc warriors
  4 wolves (Lair:2)
  An orc priest (D:8)
  An iguana (D:5)
  An orc wizard (D:8)
  11 orcs
  A goblin (D:8)
  A hobgoblin (D:8)
  6 kobolds (Bailey)
  A rat (D:3)
35 creatures vanquished.

Vanquished Creatures (others)
  A black mamba (Lair:2)
  A komodo dragon (Lair:1)
  2 bloated husks (Swamp:1)
  2 yaks (Lair:2)
  2 orc warriors (Bailey)
  A wolf (Lair:2)
  A bullfrog (Lair:1)
  An orc priest (D:3)
  An orc wizard (D:3)
  An adder (D:3)
  2 foxfires (Swamp:1)
15 creatures vanquished.

Grand Total: 635 creatures vanquished

Notes
Turn   | Place    | Note
-------+----------+-------------------------------------------
     0 | D:1      | H0rd4k the Human Artificer began the quest for the Orb.
     0 | D:1      | Reached XP level 1. HP: 15/15 MP: 1/1
   218 | D:1      | Reached XP level 2. HP: 22/22 MP: 2/2
   534 | D:1      | Reached XP level 3. HP: 27/27 MP: 3/3
  1003 | D:2      | Reached skill level 1 in Maces & Flails
  1221 | D:2      | Reached XP level 4. HP: 32/33 MP: 4/4
  1830 | D:3      | Reached XP level 5. HP: 25/39 MP: 2/5
  2804 | D:4      | Noticed tish's ghost (novice OpFi)
  2805 | D:4      | Found a runed translucent gate.
  2806 | D:4      | Found a runed translucent gate.
  2808 | D:4      | Found a runed translucent gate.
  2833 | D:4      | Reached XP level 6. HP: 37/46 MP: 4/6
  3319 | D:4      | Found a staircase to the Ecumenical Temple.
  3369 | D:5      | Entered Level 5 of the Dungeon
  3570 | D:5      | Noticed an ogre
  3579 | D:5      | Killed an ogre
  3854 | D:5      | Reached XP level 7. HP: 47/52 MP: 7/7
  4172 | D:5      | Noticed Ijyb
  4183 | D:5      | Your ally Ijyb died
  4295 | D:5      | Noticed Edmund
  4304 | D:5      | Killed Edmund
  4331 | D:5      | Noticed a steam dragon
  4533 | D:5      | Killed a steam dragon
  4534 | D:5      | Reached XP level 8. HP: 52/58 MP: 6/8
  5316 | D:6      | Reached skill level 5 in Maces & Flails
  5464 | D:6      | Noticed Eustachio
  5476 | D:6      | Killed Eustachio
  5477 | D:6      | Reached skill level 1 in Spellcasting
  5800 | D:6      | Identified the +5 mace of Evil {freeze, *Noise rElec rCorr
                  | MP+9}
  6353 | D:8      | Noticed a yak
  6446 | D:8      | Found Sik Zioj's Antique Armour Shop.
  6457 | D:8      | Reached XP level 9. HP: 65/65 MP: 10/12
  6497 | D:8      | Found a flagged portal.
  6510 | D:8      | HP: 3/65 [orc/+0 hand axe (3)]
  6542 | Bailey   | Entered a bailey
  7571 | D:8      | Found an iron altar of Okawaru.
  7587 | D:8      | You are sucked into a shaft and drop 1 floor!
  7716 | Temple   | Entered the Ecumenical Temple
  7919 | Temple   | Became a worshipper of Gozag Ym Sagoz the Greedy
  8143 | D:7      | Reached skill level 5 in Evocations
  8391 | D:7      | Reached skill level 5 in Dodging
  8521 | D:7      | Noticed a troll
  8850 | D:7      | Reached XP level 10. HP: 65/73 MP: 15/15
  8938 | D:8      | Reached skill level 5 in Fighting
 10274 | D:9      | Found a runed translucent gate.
 10275 | D:9      | Found a runed translucent gate.
 10276 | D:9      | Found a runed translucent gate.
 10277 | D:9      | Noticed ruby's ghost (novice DEEE)
 10278 | D:9      | Noticed a freezing wraith
 10278 | D:9      | Noticed a freezing wraith
 10448 | D:9      | Reached skill level 5 in Spellcasting
 10506 | D:9      | Found a staircase to the Lair.
 10506 | D:9      | Noticed a komodo dragon
 10577 | D:9      | Reached XP level 11. HP: 42/76 MP: 13/18
 10893 | D:9      | Reached skill level 10 in Maces & Flails
 11560 | D:8      | Bought a glowing leather armour for 170 gold pieces
 11560 | D:8      | Bought a glowing cloak for 255 gold pieces
 11641 | D:10     | Entered Level 10 of the Dungeon
 11652 | D:10     | Noticed a boulder beetle
 12353 | D:9      | Bought a jewelled rapier for 270 gold pieces
 12353 | D:9      | Identified the +0 rapier of Vavosuoth {freeze, rElec
                  | Stlth+} (You bought it in a shop on level 9 of the Dungeon)
 12371 | Lair:1   | Entered Level 1 of the Lair of Beasts
 12371 | Lair:1   | Noticed Gastronok
 12387 | Lair:1   | Killed Gastronok
 12409 | Lair:1   | Reached skill level 1 in Throwing
 12427 | D:9      | HP: 4/84 [poisoned by a black mamba]
 13707 | Lair:2   | Reached XP level 12. HP: 92/92 MP: 21/21
 13719 | Lair:2   | Noticed a four-headed hydra
 13935 | Lair:2   | Found a staircase to the Swamp.
 14154 | Lair:2   | Found a dark tunnel.
 14162 | Volcano  | Entered a volcano
 14190 | Volcano  | Noticed a centaur warrior
 14231 | Volcano  | Killed a centaur warrior
 14278 | Volcano  | Noticed a hell knight
 14571 | Volcano  | Gained mutation: Your system is resistant to poisons.
                  | (rPois) [potion of mutation]
 15293 | Lair:2   | Identified a scroll of acquirement
 15293 | Lair:2   | Acquired the ring "Paffeogy" {Will+ Str+6 Dex+3}
 15643 | Lair:2   | Killed a four-headed hydra
 16301 | Lair:3   | Noticed a skyshark
 16368 | Lair:3   | Killed a skyshark
 16403 | Lair:3   | Reached XP level 13. HP: 78/101 MP: 24/24
 16413 | Lair:3   | Noticed a six-headed hydra
 16428 | Lair:3   | Killed a six-headed hydra
 16465 | Lair:3   | Noticed Snorg
 16661 | Lair:3   | Reached skill level 10 in Dodging
 17048 | Lair:3   | Found a radiant altar of Vehumet.
 17189 | Lair:4   | Reached skill level 10 in Fighting
 17710 | Lair:4   | Found a runed translucent door.
 17711 | Lair:4   | Noticed raetorn's ghost (journeyman DjFE)
 17890 | Lair:5   | Entered Level 5 of the Lair of Beasts
 18118 | Lair:5   | Noticed Rupert
 18164 | Lair:5   | Noticed a seven-headed hydra
 18178 | Lair:5   | Killed a seven-headed hydra
 18185 | Lair:5   | HP: 5/104 [cane toad (3)]
 18913 | Lair:5   | Found a staircase to the Slime Pits.
 19159 | Lair:5   | Identified the +2 robe of Vonel {rElec Dex+2}
 19472 | Lair:5   | Noticed a catoblepas
 19531 | Lair:5   | Killed a catoblepas
 19552 | Lair:5   | Reached XP level 14. HP: 12/113 MP: 6/27
 21338 | D:9      | Bought the +6 arbalest "Damnation" {damnation} for 1360
                  | gold pieces
 21338 | D:9      | Found the +6 arbalest "Damnation" {damnation}
 22022 | D:10     | Reached skill level 1 in Ranged Weapons
 22360 | D:10     | Found a staircase to the Orcish Mines.
 23193 | D:11     | Noticed Grum
 23196 | D:11     | Killed Grum
 23889 | D:4      | Killed tish's ghost
 23911 | D:4      | Acquired the ring "Irphipobb" {*Corrode rPois MP+9 Str+6
                  | Slay+3}
 24112 | D:9      | Bought a translucent dire flail for 360 gold pieces
 24112 | D:9      | Identified the +3 dire flail "Glorpo" {heavy, rElec rCorr
                  | Stlth-} (You bought it in a shop on level 9 of the Dungeon)
 25455 | Lair:3   | Found a staircase to the Snake Pit.
 25686 | Lair:3   | Killed Snorg
 26048 | D:9      | Bought an encrusted great mace for 460 gold pieces
 26048 | D:9      | Identified the +2 great mace of the Fulmar {freeze, rPois}
                  | (You bought it in a shop on level 9 of the Dungeon)
 26136 | Orc:1    | Entered Level 1 of the Orcish Mines
 26142 | Orc:1    | Noticed Josephine
 26792 | Orc:1    | Reached skill level 5 in Ranged Weapons
 26801 | Orc:1    | Killed Josephine
 27349 | Orc:2    | Entered Level 2 of the Orcish Mines
 27349 | Orc:2    | Found a staircase to the Elven Halls.
 27393 | Orc:2    | Reached XP level 15. HP: 89/123 MP: 20/28
 27754 | Orc:2    | Found Unnepow's Antique Armour Shoppe.
 27853 | Orc:2    | Found Ypits's Overcharged Wands.
 28317 | Orc:2    | Found Moschuxat's Distillery.
 28392 | Orc:2    | Noticed an orc warlord
 28401 | Orc:2    | Killed an orc warlord
 28503 | Orc:2    | Found Lut Asch's Antique Armour Boutique.
 28506 | Orc:2    | Found Xaykux's Antique Weapon Shop.
 28609 | Orc:2    | Bought a pair of faintly glowing boots for 323 gold pieces
 28609 | Orc:2    | Identified the +2 pair of boots of Pan-Flutes {*Corrode
                  | *Slow rPois Int+8} (You bought it in a shop on level 2 of
                  | the Orcish Mines)
 28716 | D:9      | Bought a smouldering mace for 320 gold pieces
 28716 | D:9      | Identified the +6 mace "Killer Klown's Peril" {flame, rF+
                  | rCorr Int+6} (You bought it in a shop on level 9 of the
                  | Dungeon)
 28913 | Orc:1    | Found Oziadd's Antique Weapon Emporium.
 29020 | Orc:2    | Bought a glowing scarf for 272 gold pieces
 29430 | D:9      | Killed ruby's ghost
 29747 | Swamp:1  | Entered Level 1 of the Swamp
 29953 | Swamp:1  | Noticed a thorn hunter
 30949 | Swamp:1  | Noticed Nikola
 31306 | Lair:2   | Killed a thorn hunter
 31440 | Swamp:1  | Killed Nikola
 31441 | Swamp:1  | Reached skill level 10 in Ranged Weapons
 31794 | Swamp:1  | Slain by a bog body

Illustrated notes

Levels and vault maps discovered:
D:1:      lightli_arrival_statue_moat, layout_basic, roderic_lattice_a,
          minmay_lizard_pond
D:2:      layout_rooms, serial_curves, eino_curves_03, eino_curves_04,
          eino_curves_02, eino_curves_02, skrybe_limestone_x,
          minmay_fountain_box
D:3:      wander_river, layout_basic, kennysheep_donut
D:4:      layout_basic, temple_statues, gammafunk_ghost_split
D:5:      layout_layer_cave, minmay_manual_monstrance, uniq_edmund, uniq_ijyb
D:6:      layout_basic, uniq_eustachio
D:7:      layout_basic, wad_mini_maze
D:8:      nicolae_cairo_tiling_large, layout_basic, kennysheep_okawaru_gauntlet,
          serial_shops, shop, enter_bailey_4
D:9:      layout_loops_ring, david_lair_shrubbed, gammafunk_ghost_spectres,
          serial_bayou_crossing
D:10:     dragon1_lemuel, layout_rooms, erik_orc_4,
          minmay_mirror_moons_of_madness
D:11:     layout_roguey, uniq_grum
Temple:   compressed_dpeg_triangle_lava_temple
Lair:1:   layout_misc_corridors, portal_ice_cave_entry_ice_simulacra,
          uniq_gastronok
Lair:2:   layout_gridlike, skrybe_swamp_entry_bodies,
          lightli_volcano_entry_magma_tube, special_room [special_room_bee],
          grunt_megastairs_5
Lair:3:   layout_roguey, nicolae_snake_entry_squirm, basic_altar,
          kennysheep_abandoned_house, uniq_snorg
Lair:4:   layout_cave_shapes, ebering_ghost_inner_flame, serial_bayou_shore_b
Lair:5:   hangedman_lair_in_review, layout_regular_city,
          guppyfry_lair_end_dragon, nicolae_slime_entry_slimehenge, uniq_rupert
Swamp:1:  layout_basic_swamp, evilmike_swamp_ruin_house_2, swamp_pool1,
          uniq_nikola
Orc:1:    layout_caves, serial_shops, shop, nicolae_orc_flooded_monolith,
          uniq_josephine
Orc:2:    grunt_orc_community_town_hall, layout_diamond_mine,
          grunt_orc_community_big_house_1, grunt_orc_community_big_house_2,
          grunt_orc_community_house_1, grunt_orc_community_house_1,
          grunt_orc_community_house_3, grunt_orc_community_house_1,
          grunt_orc_community_house_2, nicolae_shop_overcharged_wands

Skill      XL: |  1  2  3  4  5  6  7  8  9 10 11 12 13 14 15 |
---------------+----------------------------------------------+-----
Fighting       | 2 3 4 6 7 9 11 13 | 13.5
Maces & Flails | 1 2 3 4 6 7 9 10 | 10.8
Dodging        | 2 3 5 7 9 11 12 13 | 13.1
Armour         | 3 4 |  4.3
Stealth        | 2 |  2.3
Evocations     | 4 5 6 |  6.2
Spellcasting   | 2 3 5 6 7 9 |  9.2
Throwing       | 1 2 |  2.9
Ranged Weapons | 6 10 | 10.3

Action                     |  1- 3 |  4- 6 |  7- 9 | 10-12 | 13-15 || total
---------------------------+-------+-------+-------+-------+-------++-------
  Melee: Club              |    32 |       |       |       |       ||    32
         Flail             |    64 |    99 |       |       |       ||   163
         Punch             |     1 |       |       |    14 |    19 ||    34
         Whip              |       |   115 |   288 |       |       ||   403
         Mace              |       |       |    53 |   818 |  1011 ||  1882
   Fire: Arbalest          |       |       |       |       |   254 ||   254
  Throw: Dart              |       |       |       |    19 |       ||    19
         Throwing net      |       |       |       |     1 |       ||     1
 Invoke: Call Merchant     |       |       |       |     1 |     2 ||     3
  Evoke: Wand              |     5 |    11 |    35 |    23 |     3 ||    77
    Use: Potion            |     1 |     1 |     2 |    15 |    11 ||    30
         Scroll            |       |       |     6 |    12 |    14 ||    32
   Stab: Sleeping          |       |     1 |     2 |     1 |       ||     4
         Betrayed ally     |       |       |     1 |       |       ||     1
         Distracted        |       |       |     1 |     5 |     4 ||    10
 Armour: Leather armour    |    50 |    73 |   101 |   228 |   420 ||   872
         Skin              |       |       |       |       |    14 ||    14
         Scale mail        |       |       |       |       |    15 ||    15
  Dodge: Dodged            |    59 |   154 |   228 |   776 |   951 ||  2168
